 Dungeon Crawl Stone Soup version 0.20.1-1-g8b1a95d (webtiles) character file.

112 ReteAZ the Insei (level 4, -3/28 HPs)
             Began as an Octopode Transmuter on Aug 13, 2017.
             Slain by an orc
             ... wielding a +0 whip
              (5 damage)
             ... on level 3 of the Dungeon.
             The game lasted 00:04:10 (2720 turns).

ReteAZ the Insei (Octopode Transmuter)              Turns: 2720, Time: 00:04:10

Health: -3/28      AC:  1    Str:  9    XL:     4   Next: 95%
Magic:  7/7        EV: 14    Int: 16    God:
Gold:   60         SH:  0    Dex: 12    Spells: 3/7 levels left

rFire    + . .     SeeInvis .     - Unarmed
rCold    . . .     Gourm    .   (no shield)
rNeg     . . .     Faith    .   (helmet restricted)
rPois    .         Spirit   .   (no amulet)
rElec    .         Reflect  .   l - ring of protection from fire
rCorr    .         Harm     .   (no ring)
MR       .....                  (no ring)
Stlth    ++........             (no ring)
Regen    0.1/turn               (no ring)
MPRegen  0.1/turn               (no ring)
                                (no ring)
                                (no ring)

@: no status effects
A: almost no armour, stealthy swim, amphibious, 8 rings, constrict 8, camouflage
1, gelatinous body 1
a: no special abilities


You were on level 3 of the Dungeon.
You were not hungry.

You visited 1 branch of the dungeon, and saw 3 of its levels.

You collected 60 gold pieces.

Inventory:

Missiles
 a - 12 arrows
 g - 76 stones (quivered)
Jewellery
 l - a ring of protection from fire (left tentacle)
 q - a cursed ring of teleportation {unknown}
Scrolls
 f - a scroll of recharging {unknown}
 h - 2 scrolls of identify {unknown}
 j - 2 scrolls of enchant weapon {unknown}
Potions
 d - a potion of brilliance {unknown}
 e - 2 potions of magic {unknown}
 i - a potion of curing {unknown}
 k - a potion of ambrosia {unknown}
 n - a potion of invisibility {unknown}
Books
 b - a book of Changes

   Spells                             Type                      Level
   a - Beastly Appendage              Transmutation                1
   b - Sticks to Snakes               Transmutation                2
   c - Spider Form                    Transmutation/Poison         3
   d - Ice Form                       Ice/Transmutation            4
   e - Blade Hands                    Transmutation                5
Comestibles
 c - 3 bread rations
 m - 2 meat rations
 p - 4 fruits


   Skills:
 - Level 1.0 Fighting
 + Level 3.1 Dodging
 + Level 3.9 Unarmed Combat
 - Level 2.0 Spellcasting
 + Level 3.4 Transmutations


You had 3 spell levels left.
You knew the following spells:

 Your Spells              Type           Power        Failure   Level  Hunger
a - Beastly Appendage     Tmut           ##....       4%          1    #......
b - Spider Form           Tmut/Pois      #.........   30%         3    ###....


Dungeon Overview and Level Annotations

Branches:
Dungeon (3/15)

Altars:


Innate Abilities, Weirdness & Mutations

You cannot wear most types of armour.
You are very stealthy in the water. (Stealth+)
You are amphibious.
You can wear up to eight rings at the same time.
You can use your tentacles to constrict eight enemies at once.
Your skin changes colour to match your surroundings (Stealth+).
Your rubbery body absorbs attacks. (AC +1, EV +1)


Message History

You tentacle-slap the orc but do no damage.
You squeeze the orc, but do no damage.
The orc is heavily wounded.
You constrict the orc, but do no damage.
The orc misses you.
You tentacle-slap the orc.
The orc is severely wounded.
You constrict the orc. The orc hits you but does no damage.
You tentacle-slap the orc.
You kill the orc!
You tentacle-slap the orc. Your grab misses the orc.
The orc is heavily wounded.
The orc hits you with a club.
* * * LOW HITPOINT WARNING * * *
You closely miss the orc. You grab the orc. You squeeze the orc.
You kill the orc!
You tentacle-slap the orc. Your grab misses the orc.
The orc is heavily wounded.
The orc hits you with a whip.
You die...

### ..# ####.# ####
..#.########### .....
#.#.##........#
###...###.#.##........#
......)o@...(#........#
##.....##....#........#
.......#####.#........#
##.#<#.#..............###
.. #.#.#.###.#.##.......#
# # #.#.#...#.##........
#.#.#.###.##.......#
#.#.#. .[######.#.. #.###
### #.#..


You could see an orc.

Vanquished Creatures
  2 adders
  3 oozes
  2 worms (D:2)
  2 dart slugs
  4 orcs (D:3)
  5 giant cockroaches
  12 goblins
  8 hobgoblins
  2 jackals (D:1)
  A quokka (D:2)
  5 bats
  10 frilled lizards
  7 kobolds
  4 rats
67 creatures vanquished.

Notes
Turn   | Place    | Note
-------+----------+-------------------------------------------
     0 | D:1      | ReteAZ the Octopode Transmuter began the quest for the Orb.
     0 | D:1      | Reached XP level 1. HP: 13/13 MP: 3/3
    28 | D:1      | Reached XP level 2. HP: 14/18 MP: 5/5
   592 | D:1      | Reached XP level 3. HP: 6/23 MP: 6/6
  1494 | D:2      | Reached XP level 4. HP: 16/28 MP: 7/7
  1622 | D:2      | Learned a level 3 spell: Spider Form
  2241 | D:2      | You fall through a shaft!
  2720 | D:3      | Slain by an orc

Skill      XL: |  1  2  3  4 |
---------------+-------------+-----
Transmutations | 3 |  3.4
Dodging        | 3 |  3.1
Fighting       | |  1.0
Unarmed Combat | |  3.9
Spellcasting   | |  2.0

Action                   |  1- 3 |  4- 6 || total
-------------------------+-------+-------++-------
Melee: Unarmed           |   105 |    64 ||   169
       Tentacles         |    17 |    11 ||    28
       Constrict         |    27 |    16 ||    43
       Punch             |     3 |     2 ||     5
Throw: Stone             |     5 |       ||     5
 Cast: Beastly Appendage |     1 |       ||     1
 Stab: Sleeping          |     5 |     1 ||     6
  Eat: Chunk             |     2 |     4 ||     6
Armor: Skin              |     7 |     3 ||    10
Dodge: Dodged            |    58 |    31 ||    89
